[Event "Silver Lake Open-A 2018"]
[Site "Veliko Gradiste"]
[Date "2018.06.17"]
[Round "1"]
[White "Djordjevic, Vuk"]
[Black "Dudin, Gennadi"]
[Result "1-0"]
[ECO "A45"]
[WhiteElo "2399"]
[BlackElo "2215"]
[Annotator "ChessBase"]
[PlyCount "79"]
[EventDate "2018.06.17"]
[EventType "swiss"]
[EventCountry "SRB"]
[SourceTitle "playchess.com"]
[Source "ChessBase"]
[SourceQuality "1"]
[TimeControl "40/5400+30:900+30"]

1. d4 Nf6 2. Bg5 e6 3. e4 d5 4. e5 h6 5. Be3 Nfd7 6. c3 c5 7. f4 Nc6 8. Nf3 Be7 9. Bd3 c4 10. Bc2 b5 11. h4 Nb6 12. h5 Bd7 13. Nbd2 a5 14. g4 Qc7 15. O-O O-O-O 16. Rf2 Kb7 17. Nf1 Ka6 18. Ng3 b4 19. Ne2 Na7 20. Qd2 Nb5 21. Qc1 bxc3 22. a4 Na7 23. bxc3 Rb8 24. Ng3 Rb7 25. f5 Rhb8 26. Kh2 Nbc8 27. f6 gxf6 28. Bxh6 fxe5 29. dxe5 Nc6 30. Qf4 f6 31. Bg7 fxe5 32. Nxe5 Bd6 33. Re1 Be8 34. h6 Qe7 35. Bf6 Qf8 36. h7 Nxe5 37. Bxe5 Qxf4 38. Bxf4 Bxf4 39. h8=Q e5 40. Qxe8 1-0

[Event "Silver Lake Open-A 2018"]
[Site "Veliko Gradiste"]
[Date "2018.06.17"]
[Round "1"]
[White "Filev, Georgi"]
[Black "Sahin, Doga Boran"]
[Result "1-0"]
[ECO "C11"]
[WhiteElo "2390"]
[BlackElo "2129"]
[Annotator "NA"]
[PlyCount "63"]
[EventDate "2018.06.17"]
[EventType "swiss"]
[EventCountry "SRB"]
[SourceTitle "playchess.com"]
[Source "ChessBase"]
[SourceQuality "1"]
[TimeControl "40/5400+30:900+30"]

1. e4 e6 2. d4 d5 3. Nc3 Nf6 4. e5 Nfd7 5. f4 c5 6. Nf3 Nc6 7. Be3 Be7 8. Qd2 O-O 9. dxc5 Nxc5 {[%emt 0:00:09] C11: French: Classical System: 4 e5 and 4 Bg5 dxe4} 10. O-O-O a6 11. Kb1 b5 12. Qf2 Na4 13. Nxa4 bxa4 14. Nd4 Qc7 15. Nxc6 Qxc6 {[%emt 0:00:04] [#]} 16. Bd3 $146 ({Predecessor:} 16. Bd4 Rb8 17. h4 {½-½ (31) Salem,A (2603)-Anton Guijarro,D (2614) Moscow 2015}) 16... a5 17. g4 Ba6 18. Bxa6 Rxa6 19. f5 Rb8 20. Bd4 Qb5 21. Rhf1 Qe8 22. f6 Bf8 23. fxg7 Bxg7 24. Rd3 Rc6 25. Rh3 Rc4 26. g5 Qe7 27. Qh4 (27. c3 $142) 27... Rxb2+ 28. Kxb2 Qb4+ 29. Ka1 $18 Rxd4 30. Qxh7+ Kf8 31. c3 Qc4 32. Rhf3 1-0

[Event "Silver Lake Open-A 2018"]
[Site "Veliko Gradiste"]
[Date "2018.06.17"]
[Round "1"]
[White "Garabetyan, Arno"]
[Black "Karavade, Eesha"]
[Result "1/2-1/2"]
[ECO "E20"]
[WhiteElo "2141"]
[BlackElo "2399"]
[Annotator "NA"]
[PlyCount "32"]
[EventDate "2018.06.17"]
[EventType "swiss"]
[EventCountry "SRB"]
[SourceTitle "playchess.com"]
[Source "ChessBase"]
[SourceQuality "1"]
[TimeControl "40/5400+30:900+30"]

1. d4 Nf6 2. c4 e6 3. Nc3 Bb4 4. Bd2 d5 5. Nf3 O-O 6. e3 b6 7. Rc1 Ba6 8. Qa4 c5 9. a3 Bxc3 10. Bxc3 Ne4 11. Be2 dxc4 12. Bxc4 Bxc4 13. Qxc4 Nd7 14. O-O Rc8 15. Rfd1 Nxc3 16. Rxc3 cxd4 1/2-1/2

[Event "Silver Lake Open-A 2018"]
[Site "Veliko Gradiste"]
[Date "2018.06.17"]
[Round "1"]
[White "Savic, Milan M"]
[Black "Kantorik, Marian"]
[Result "1-0"]
[ECO "C02"]
[WhiteElo "1853"]
[BlackElo "2260"]
[Annotator "ChessBase"]
[PlyCount "77"]
[EventDate "2018.06.17"]
[EventType "swiss"]
[EventCountry "SRB"]
[SourceTitle "playchess.com"]
[Source "ChessBase"]
[SourceQuality "1"]
[TimeControl "40/5400+30:900+30"]

1. e4 e6 2. d4 d5 3. e5 c5 4. c3 Qb6 5. Nf3 Bd7 6. Be2 Bb5 7. Bxb5+ Qxb5 8. a4 Qb6 9. O-O cxd4 10. a5 Qc7 11. Qa4+ Qd7 12. Nxd4 Qxa4 13. Rxa4 a6 14. c4 Ne7 15. Bg5 Nbc6 16. cxd5 Nxd4 17. Rxd4 Nxd5 18. Rc1 Bb4 19. Bd2 Bxd2 20. Nxd2 Ke7 21. Rdc4 Rab8 22. g3 f6 23. Nf3 Rhd8 24. Rh4 h6 25. Rg4 Kf7 26. exf6 gxf6 27. Rh4 Rh8 28. Nd4 h5 29. Rc5 Rbc8 30. Rxh5 Rxc5 31. Rxh8 Rc4 32. Nf3 Rb4 33. Rh7+ Ke8 34. h4 Rxb2 35. h5 Kf8 36. Nd4 b6 37. Nxe6+ Kg8 38. Rg7+ Kh8 39. h6 1-0

[Event "Silver Lake Open-A 2018"]
[Site "Veliko Gradiste"]
[Date "2018.06.18"]
[Round "3"]
[White "Filev, Georgi"]
[Black "Vujacic, Borivoje"]
[Result "1-0"]
[ECO "B98"]
[WhiteElo "2390"]
[BlackElo "2211"]
[Annotator "NA"]
[PlyCount "41"]
[EventDate "2018.06.17"]
[EventType "swiss"]
[EventCountry "SRB"]
[SourceTitle "playchess.com"]
[Source "ChessBase"]
[SourceQuality "1"]
[TimeControl "40/5400+30:900+30"]

1. e4 c5 2. Nf3 d6 3. d4 cxd4 4. Nxd4 Nf6 5. Nc3 a6 6. Bg5 e6 7. f4 h6 8. Bh4 Be7 9. Qf3 Qc7 10. O-O-O Nbd7 11. Be2 Rb8 12. Qg3 b5 13. e5 g5 14. exf6 gxh4 15. Nxe6 hxg3 16. Nxc7+ Kd8 17. fxe7+ Kxc7 18. Nd5+ $18 Kc6 19. Bf3 Bb7 20. hxg3 Nb6 21. Nf6+ 1-0

[Event "Silver Lake Open-A 2018"]
[Site "Veliko Gradiste"]
[Date "2018.06.18"]
[Round "3"]
[White "Dudukovic, Nikola"]
[Black "Farkas, Sandor I"]
[Result "1-0"]
[ECO "B23"]
[WhiteElo "2385"]
[BlackElo "1977"]
[Annotator "NA"]
[PlyCount "51"]
[EventDate "2018.06.17"]
[EventType "swiss"]
[EventCountry "SRB"]
[SourceTitle "playchess.com"]
[Source "ChessBase"]
[SourceQuality "1"]
[TimeControl "40/5400+30:900+30"]

1. e4 c5 2. Nc3 e6 3. Nf3 a6 4. g3 Nc6 5. Bg2 d6 6. O-O Nf6 7. d4 cxd4 8. Nxd4 Bd7 9. Nce2 Be7 10. h3 O-O 11. c4 Rc8 12. b3 Nxd4 13. Nxd4 b5 14. cxb5 axb5 15. Qe2 Qa5 16. Bd2 Qb6 17. Be3 Qb8 18. a4 bxa4 19. bxa4 d5 20. Rfb1 Qa8 21. e5 Ne4 22. Bxe4 dxe4 23. a5 Bc5 24. Nc2 Qa7 25. a6 Bc6 26. Ra5 1-0

[Event "Silver Lake Open-A 2018"]
[Site "Veliko Gradiste"]
[Date "2018.06.18"]
[Round "3"]
[White "Kulkarni, Chinmay"]
[Black "Kanakaris, Georgios"]
[Result "1/2-1/2"]
[ECO "B01"]
[WhiteElo "2281"]
[BlackElo "2399"]
[Annotator "NA"]
[PlyCount "51"]
[EventDate "2018.06.17"]
[EventType "swiss"]
[EventCountry "SRB"]
[SourceTitle "playchess.com"]
[Source "ChessBase"]
[SourceQuality "1"]
[TimeControl "40/5400+30:900+30"]

1. e4 d5 2. exd5 Qxd5 3. Nc3 Qd8 4. Bc4 Nf6 5. Nf3 a6 {B01: Scandinavian Defence} 6. Ne5 (6. a4 Nc6 7. h3 Bf5 8. d3 h6 9. g4 Bg6 10. Bf4 e6 11. Ne5 Nxe5 12. Bxe5 Bd6 13. Qe2 Bxe5 14. Qxe5 {1-0 (44) Kamsky,G (2677)-Bartholomew,J (2477) Reykjavik 2018}) 6... e6 7. d4 Nbd7 $146 ({Predecessor:} 7... b5 8. Be2 Bb7 9. Bf3 Nd5 10. O-O Be7 11. Nxd5 Bxd5 12. a4 b4 13. c4 {½-½ (57) Diaz,J (2164)-Seeger,W (2221) Hessen 2014}) 8. Qe2 Nb6 9. Bb3 Be7 10. Bg5 O-O 11. O-O-O Nfd5 12. Bd2 Nxc3 13. Bxc3 Bg5+ 14. Bd2 Bxd2+ 15. Qxd2 Bd7 16. h4 Ba4 17. Bxa4 Nxa4 18. h5 Nb6 19. g4 f6 20. Ng6 $15 Re8 21. Kb1 Nd5 22. Nf4 Nxf4 23. Qxf4 Qd6 24. Qf3 Qd5 25. Qf4 Qd6 26. Qf3 1/2-1/2

[Event "Silver Lake Open-A 2018"]
[Site "Veliko Gradiste"]
[Date "2018.06.18"]
[Round "3"]
[White "Avalyan, Artur"]
[Black "Tosic, Miroslav"]
[Result "1-0"]
[ECO "A40"]
[WhiteElo "2268"]
[BlackElo "2384"]
[Annotator "ChessBase"]
[PlyCount "107"]
[EventDate "2018.06.17"]
[EventType "swiss"]
[EventCountry "SRB"]
[SourceTitle "playchess.com"]
[Source "ChessBase"]
[SourceQuality "1"]
[TimeControl "40/5400+30:900+30"]

1. d4 e6 2. c4 c5 3. d5 exd5 4. cxd5 d6 5. Nc3 a6 6. a4 Ne7 7. e4 Ng6 8. Nf3 Be7 9. Be2 O-O 10. O-O Nd7 11. Be3 Bf6 12. Nd2 Re8 13. Qc2 Bd4 14. Nc4 Nde5 15. Nxe5 dxe5 16. Qd2 Qf6 17. Rfd1 Nf4 18. Bf1 g5 19. Ne2 Bd7 20. Ra3 Kh8 21. b4 b6 22. a5 Bb5 23. Ng3 cxb4 24. Qxb4 bxa5 25. Qxa5 Bxf1 26. Rxf1 Reb8 27. Rd1 Rb2 28. Ra2 Rxa2 29. Qxa2 Rb8 30. Nf5 Bxe3 31. fxe3 Ng6 32. d6 Nh4 33. Qxa6 Nxf5 34. exf5 Qxf5 35. d7 Rd8 36. Rd6 Kg7 37. Qc6 g4 38. Qc7 Qg5 39. Kf2 h5 40. Rd5 h4 41. Ke2 g3 42. h3 Qh5+ 43. Ke1 Qg5 44. Qxe5+ Qxe5 45. Rxe5 Rxd7 46. Rh5 Re7 47. Ke2 Re4 48. Kf3 Ra4 49. Rg5+ Kf6 50. Rg4 Ra3 51. Rxh4 Ke5 52. Re4+ Kd5 53. Re8 f5 54. Kxg3 1-0

[Event "Silver Lake Open-A 2018"]
[Site "Veliko Gradiste"]
[Date "2018.06.18"]
[Round "3"]
[White "Krasteva, Beloslava"]
[Black "Stoyanov, Tsvetan"]
[Result "1-0"]
[ECO "A00"]
[WhiteElo "2040"]
[BlackElo "2363"]
[Annotator "NA"]
[PlyCount "97"]
[EventDate "2018.06.17"]
[EventType "swiss"]
[EventCountry "SRB"]
[SourceTitle "playchess.com"]
[Source "ChessBase"]
[SourceQuality "1"]
[TimeControl "40/5400+30:900+30"]

1. g3 c5 2. Bg2 Nc6 3. d3 g6 4. Nc3 Bg7 5. e4 e6 6. Be3 d6 7. Qd2 Nge7 8. Bh6 O-O 9. h4 Bxh6 10. Qxh6 f6 11. Qd2 Nd4 12. Nd1 d5 13. Ne3 dxe4 14. dxe4 Qc7 15. c3 Ndc6 16. Ne2 Bd7 17. h5 Rad8 18. hxg6 Nxg6 19. Qc2 Nce7 20. a4 Bc6 21. Qb3 Qd7 22. Bh3 f5 23. Rd1 Qc8 24. Rxd8 Rxd8 25. Nxf5 Nxf5 26. Bxf5 Bxa4 27. Qxe6+ Qxe6 28. Bxe6+ Kg7 29. Bd5 Ne5 30. Nf4 Bd7 31. Rh5 Ng6 32. Nd3 b6 33. f4 Re8 34. Kf2 a5 35. Ke3 h6 36. c4 Bg4 37. Rh1 Bf5 38. Kf3 Bd7 39. g4 a4 40. f5 Ne5+ 41. Nxe5 Rxe5 42. Kf4 Re8 43. e5 b5 44. e6 Bc8 45. cxb5 Rd8 46. Ke5 Rxd5+ 47. Kxd5 Bb7+ 48. Kd6 Bxh1 49. e7 1-0

[Event "Silver Lake Open-A 2018"]
[Site "Veliko Gradiste"]
[Date "2018.06.19"]
[Round "4"]
[White "Kanakaris, Georgios"]
[Black "Gajcin, Marina"]
[Result "1-0"]
[ECO "D77"]
[WhiteElo "2399"]
[BlackElo "2262"]
[Annotator "ChessBase"]
[PlyCount "26"]
[EventDate "2018.06.17"]
[EventType "swiss"]
[EventCountry "SRB"]
[SourceTitle "playchess.com"]
[Source "ChessBase"]
[SourceQuality "1"]
[TimeControl "40/5400+30:900+30"]

1. Nf3 g6 2. d4 Nf6 3. g3 Bg7 4. Bg2 O-O 5. c4 d5 6. O-O Nc6 7. Ne5 dxc4 8. Nxc6 bxc6 9. Bxc6 Bh3 10. Re1 Rb8 11. Nc3 Rb6 12. Bf3 Rb8 13. Rb1 e5 1-0

[Event "Silver Lake Open-A 2018"]
[Site "Veliko Gradiste"]
[Date "2018.06.19"]
[Round "4"]
[White "Karavade, Eesha"]
[Black "Cerovic, Danilo"]
[Result "1/2-1/2"]
[ECO "C00"]
[WhiteElo "2399"]
[BlackElo "2292"]
[Annotator "NA"]
[PlyCount "115"]
[EventDate "2018.06.17"]
[EventType "swiss"]
[EventCountry "SRB"]
[SourceTitle "playchess.com"]
[Source "ChessBase"]
[SourceQuality "1"]
[TimeControl "40/5400+30:900+30"]

1. e4 e6 2. d4 d5 3. Bd3 dxe4 4. Bxe4 Nf6 5. Bf3 c5 6. Ne2 Nc6 {C01: French: Exchange Variation} 7. Be3 cxd4 (7... Nd5 8. Bxd5 Qxd5 9. Nbc3 Qxg2 10. Rg1 Qf3 11. Nb5 Rb8 12. dxc5 Bd7 13. Nc7+ Kd8 14. Nb5 {0-1 (54) Kramnik,V (2808)-Caruana,F (2808) Stavanger 2017}) 8. Nxd4 Ne5 9. Nc3 a6 10. O-O Bd6 11. Be2 O-O $146 ({Predecessor:} 11... Qe7 12. Bg5 Bd7 13. Ne4 Bc7 14. Nxf6+ gxf6 {0-1 (34) Juhasz,A (2026)-Markos,A (2188) Hungary 2018}) 12. f4 Ng6 13. f5 exf5 14. Nxf5 Bxf5 15. Rxf5 Qc7 16. h3 Be5 17. Bd3 Rfe8 18. Qd2 Bxc3 19. bxc3 Ne4 20. Bxe4 Rxe4 21. Re1 Rae8 22. Rff1 Qc6 23. Bd4 Rxe1 24. Rxe1 Rxe1+ 25. Qxe1 f6 26. Qg3 Kf7 27. a3 h6 28. Qg4 Qd5 29. a4 Nf8 30. Kf2 Ne6 31. Be3 f5 32. Qf3 Qxf3+ 33. Kxf3 g5 34. Ke2 Ke7 35. Kd3 {[#]} Kd6 $1 36. a5 Nc5+ 37. Kc4 (37. Kd4 $17 {ist eine bessere Verteidigung.}) 37... Ne4 38. Kd4 Nc5 39. Kc4 Ne6 40. Kd3 Kd5 41. c4+ Ke5 42. g3 f4 43. Bf2 {[#]} fxg3 $1 44. Bxg3+ Nf4+ 45. Ke3 Kf5 46. Bxf4 gxf4+ 47. Kd4 Kg5 $2 ({Black should play} 47... h5 $19 48. c5 Kg6) 48. Ke4 Kh4 49. Kxf4 Kxh3 50. Kf3 Kh4 (50... Kh2 $5 51. Kf2 $8 h5 $11) 51. Kf4 $1 h5 52. c5 Kh3 53. Kf3 $1 h4 54. c3 Kh2 55. Kf2 h3 56. c4 $1 Kh1 57. Kf1 $11 Kh2 58. Kf2 1/2-1/2

[Event "Silver Lake Open-A 2018"]
[Site "Veliko Gradiste"]
[Date "2018.06.19"]
[Round "4"]
[White "Eric, Jovana"]
[Black "Alok, Sinha"]
[Result "1-0"]
[ECO "B76"]
[WhiteElo "2324"]
[BlackElo "2047"]
[Annotator "NA"]
[PlyCount "43"]
[EventDate "2018.06.17"]
[EventType "swiss"]
[EventCountry "SRB"]
[SourceTitle "playchess.com"]
[Source "ChessBase"]
[SourceQuality "1"]
[TimeControl "40/5400+30:900+30"]

1. e4 c5 2. Nf3 d6 3. d4 cxd4 4. Nxd4 Nf6 5. Nc3 g6 6. Be3 Bg7 7. f3 O-O 8. Qd2 Nc6 9. g4 Nxd4 10. Bxd4 Be6 11. Nd5 Bxd5 12. exd5 Qc7 13. h4 Rac8 14. Rh2 e6 15. dxe6 fxe6 16. h5 Nd5 17. hxg6 hxg6 18. Bxg7 Qxg7 19. O-O-O Qf6 20. Bd3 Qxf3 21. Rh8+ Kf7 22. Rxf8+ 1-0

[Event "Silver Lake Open-A 2018"]
[Site "Veliko Gradiste"]
[Date "2018.06.19"]
[Round "4"]
[White "Karthik, Kumar Pradeep"]
[Black "Djordjevic, Vuk"]
[Result "1-0"]
[ECO "A40"]
[WhiteElo "2281"]
[BlackElo "2399"]
[Annotator "ChessBase"]
[PlyCount "135"]
[EventDate "2018.06.17"]
[EventType "swiss"]
[EventCountry "SRB"]
[SourceTitle "playchess.com"]
[Source "ChessBase"]
[SourceQuality "1"]
[TimeControl "40/5400+30:900+30"]

1. d4 Nf6 2. c4 e6 3. g3 d5 4. Nf3 Bb4+ 5. Bd2 Bd6 6. Nc3 c6 7. Qc2 O-O 8. e4 Be7 9. e5 Nfd7 10. Bd3 h6 11. h4 f5 12. exf6 Rxf6 13. Bf4 Nf8 14. O-O-O Bd6 15. Ne2 b6 16. Ne5 Qc7 17. Ng4 Bxf4+ 18. Nxf4 Rxf4 19. gxf4 Qxf4+ 20. Ne3 e5 21. Kb1 exd4 22. Nf5 Bxf5 23. Bxf5 Na6 24. cxd5 cxd5 25. a3 Nc5 26. Rhg1 d3 27. Bxd3 Nce6 28. Qe2 Rd8 29. Rg4 Qf6 30. Rdg1 Re8 31. Qe3 Re7 32. Bc2 Kh8 33. Qg3 Rf7 34. Bg6 Re7 35. Qd3 Nf4 36. Qf5 N4xg6 37. Qxf6 gxf6 38. h5 f5 39. R4g3 Re6 40. hxg6 Kg7 41. Rd1 Rd6 42. Rgd3 Kxg6 43. Rxd5 Rf6 44. Rg1+ Kf7 45. Kc2 Rc6+ 46. Kd2 Kf6 47. Rh1 Kg5 48. Rd3 Nh7 49. Rg3+ Kf4 50. Rh4+ Ke5 51. Re3+ Kd5 52. Rd3+ Ke5 53. Re3+ Kd5 54. Rf4 Rf6 55. Kd3 Ng5 56. Rd4+ Kc6 57. Re7 a6 58. Rc4+ Kd6 59. Rb7 Ne6 60. Rxb6+ Ke5 61. Kc3 h5 62. Rxa6 Rh6 63. Rcc6 h4 64. f4+ Kxf4 65. Rxe6 Rxe6 66. Rxe6 h3 67. Rh6 Kg3 68. Kd3 1-0

[Event "Silver Lake Open-A 2018"]
[Site "Veliko Gradiste"]
[Date "2018.06.20"]
[Round "5"]
[White "Atakisi, Umut"]
[Black "Kanakaris, Georgios"]
[Result "1/2-1/2"]
[ECO "B52"]
[WhiteElo "2380"]
[BlackElo "2399"]
[Annotator "NA"]
[PlyCount "28"]
[EventDate "2018.06.17"]
[EventType "swiss"]
[EventCountry "SRB"]
[SourceTitle "playchess.com"]
[Source "ChessBase"]
[SourceQuality "1"]
[TimeControl "40/5400+30:900+30"]

1. e4 c5 2. Nf3 d6 3. Bb5+ Bd7 4. Bxd7+ Qxd7 5. c4 g6 6. d4 Bg7 7. Nc3 Nf6 8. d5 O-O 9. O-O b5 10. cxb5 a6 11. e5 dxe5 12. Nxe5 Qb7 13. bxa6 Nxa6 14. Re1 Nb4 1/2-1/2

[Event "Silver Lake Open-A 2018"]
[Site "Veliko Gradiste"]
[Date "2018.06.20"]
[Round "5"]
[White "Nestorovic, Dejan"]
[Black "Dinev, Dejan"]
[Result "1/2-1/2"]
[ECO "D31"]
[WhiteElo "2359"]
[BlackElo "2285"]
[Annotator "NA"]
[PlyCount "43"]
[EventDate "2018.06.17"]
[EventType "swiss"]
[EventCountry "SRB"]
[SourceTitle "playchess.com"]
[Source "ChessBase"]
[SourceQuality "1"]
[TimeControl "40/5400+30:900+30"]

1. d4 d5 2. c4 e6 3. Nc3 Be7 4. cxd5 exd5 5. Bf4 Nf6 6. e3 O-O 7. Bd3 c5 8. dxc5 Bxc5 9. Nf3 Nc6 10. O-O d4 11. exd4 Nxd4 12. Nxd4 Bxd4 13. Nb5 Bb6 14. Qf3 Qd5 15. Qxd5 Nxd5 16. Bd6 Rd8 17. Be4 a6 18. Rfd1 axb5 19. Rxd5 Be6 20. Rd2 Rxa2 21. Rxa2 Bxa2 22. Bxb7 1/2-1/2

[Event "Silver Lake Open-A 2018"]
[Site "Veliko Gradiste"]
[Date "2018.06.20"]
[Round "5"]
[White "Cerovic, Danilo"]
[Black "Tosic, Miroslav"]
[Result "*"]
[ECO "D47"]
[WhiteElo "2292"]
[BlackElo "2384"]
[Annotator "RC"]
[PlyCount "81"]
[EventDate "2018.06.17"]
[EventType "swiss"]
[EventCountry "SRB"]
[SourceTitle "playchess.com"]
[Source "ChessBase"]
[SourceQuality "1"]
[TimeControl "40/5400+30:900+30"]

1. d4 d5 2. c4 c6 3. Nf3 Nf6 4. Nc3 e6 5. e3 Nbd7 6. Bd3 dxc4 7. Bxc4 b5 8. Bd3 Bb7 9. e4 b4 10. Na4 Be7 11. O-O h6 12. Qe2 c5 13. e5 Nd5 14. Nxc5 Nxc5 15. dxc5 Bxc5 16. Bd2 Qb6 17. Rac1 Rc8 18. Rc4 Rc7 19. Rg4 g6 20. Rh4 h5 21. Rc1 Be7 22. Rhc4 Rxc4 23. Rxc4 Bc5 24. Rc1 Bd4 25. Nxd4 Qxd4 26. Bb5+ Kf8 27. Be3 Qh4 28. Rc4 Qd8 29. Bc5+ Kg7 30. Bd6 Qa5 31. Rd4 Qxa2 32. h4 Rc8 33. Bc4 Qb1+ 34. Kh2 Qf5 35. g3 Rxc4 36. Rxc4 Ba6 37. b3 Bxc4 38. bxc4 Nc3 39. Qe3 Nd1 40. Qxa7 Nxf2 41. Be7 *

[Event "Silver Lake Open-A 2018"]
[Site "Veliko Gradiste"]
[Date "2018.06.20"]
[Round "5"]
[White "Mitev, Valentin"]
[Black "Savicevic, Vlatko"]
[Result "1/2-1/2"]
[ECO "D30"]
[WhiteElo "2086"]
[BlackElo "2354"]
[Annotator "NA"]
[PlyCount "56"]
[EventDate "2018.06.17"]
[EventType "swiss"]
[EventCountry "SRB"]
[SourceTitle "playchess.com"]
[Source "ChessBase"]
[SourceQuality "1"]
[TimeControl "40/5400+30:900+30"]

1. d4 d5 2. c4 e6 3. Nf3 c6 4. Qc2 dxc4 5. Qxc4 b5 6. Qc2 Bb7 7. Bg5 Nf6 8. Nbd2 h6 9. Bxf6 Qxf6 10. e3 Nd7 11. Bd3 Qd8 12. O-O Be7 13. Nb3 O-O 14. Rfd1 Qb6 15. Rac1 a5 16. Nfd2 a4 17. Nc5 Nxc5 18. dxc5 Qc7 19. b4 Rfd8 20. f4 Bc8 21. Nf3 Bd7 22. Ne5 Be8 23. Be2 Rxd1+ 24. Rxd1 Rd8 25. Rxd8 Bxd8 26. Qe4 Bf6 27. Qd4 Bxe5 28. fxe5 Qe7 1/2-1/2

[Event "Silver Lake Open-A 2018"]
[Site "Veliko Gradiste"]
[Date "2018.06.21"]
[Round "6"]
[White "Karavade, Eesha"]
[Black "Mastrapovic, Vladimir"]
[Result "1-0"]
[ECO "B30"]
[WhiteElo "2399"]
[BlackElo "2237"]
[Annotator "NA"]
[PlyCount "63"]
[EventDate "2018.06.21"]
[EventType "swiss"]
[EventCountry "SRB"]
[SourceTitle "playchess.com"]
[Source "ChessBase"]
[SourceQuality "1"]
[TimeControl "40/5400+30:900+30"]

1. e4 c5 2. Nf3 Nc6 3. Bb5 e6 4. Bxc6 bxc6 5. b3 f6 6. O-O d6 7. c3 Ne7 8. d4 cxd4 9. cxd4 Ng6 10. Nc3 Be7 11. Be3 O-O 12. Qe2 Qa5 13. Rfc1 Ba6 14. Qd2 f5 15. Bg5 Rae8 16. Bxe7 Nxe7 17. e5 Ng6 18. exd6 Qd8 19. Na4 Qxd6 20. Nc5 Bc8 21. Nd3 Rd8 22. Qe3 Rf6 23. Rc5 Bd7 24. Nde5 Be8 25. Nxg6 Rxg6 26. h3 Rf6 27. Rac1 h6 28. R1c4 Rf7 29. Ne5 Rc7 30. Qc3 g5 31. Nxc6 g4 32. Nxd8 1-0

[Event "Silver Lake Open-A 2018"]
[Site "Veliko Gradiste"]
[Date "2018.06.21"]
[Round "6"]
[White "Low, Zhen Yu Cyrus"]
[Black "Pogan, Nikolas"]
[Result "1-0"]
[ECO "B12"]
[WhiteElo "2387"]
[BlackElo "2260"]
[Annotator "ChessBase"]
[PlyCount "99"]
[EventDate "2018.06.21"]
[EventType "swiss"]
[EventCountry "SRB"]
[SourceTitle "playchess.com"]
[Source "ChessBase"]
[SourceQuality "1"]
[TimeControl "40/5400+30:900+30"]

1. e4 c6 2. d4 d5 3. f3 e6 4. Nc3 Bb4 5. Bf4 Ne7 6. Qd3 b6 7. Nge2 Ba6 8. Qe3 Nd7 9. O-O-O O-O 10. h4 Re8 11. h5 c5 12. h6 g6 13. dxc5 bxc5 14. a3 Ba5 15. Bd6 Nc6 16. exd5 exd5 17. Qf2 d4 18. Ne4 Nf6 19. Bxc5 Nxe4 20. fxe4 Qg5+ 21. Nf4 Rxe4 22. Bd6 Bb7 23. Kb1 Qf6 24. Bd3 Re6 25. Bc5 Ne5 26. Bxd4 Nxd3 27. Rxd3 Qf5 28. Nxe6 fxe6 29. Qxf5 exf5 30. Rg1 Be4 31. Re3 Bd2 32. Rh3 a5 33. Bc3 Bf4 34. g3 Be3 35. Rd1 Ra7 36. Rd8+ Kf7 37. Rh8 Ke6 38. Re8+ Kf7 39. Rh8 Ke6 40. Rh2 a4 41. Bg7 Rd7 42. Rxh7 Rd1+ 43. Ka2 f4 44. gxf4 g5 45. Rh8 Bd5+ 46. b3 Bxf4 47. Re8+ Kd7 48. h7 axb3+ 49. cxb3 Bxh2 50. h8=Q 1-0

[Event "Silver Lake Open-A 2018"]
[Site "Veliko Gradiste"]
[Date "2018.06.21"]
[Round "6"]
[White "Savicevic, Vlatko"]
[Black "Cholleti, Sahajasri"]
[Result "1-0"]
[ECO "B96"]
[WhiteElo "2354"]
[BlackElo "2151"]
[Annotator "NA"]
[PlyCount "48"]
[EventDate "2018.06.21"]
[EventType "swiss"]
[EventCountry "SRB"]
[SourceTitle "playchess.com"]
[Source "ChessBase"]
[SourceQuality "1"]
[TimeControl "40/5400+30:900+30"]

1. e4 c5 2. Nf3 d6 3. Nc3 Nf6 4. d4 cxd4 5. Nxd4 a6 6. Bg5 e6 7. f4 h6 8. Bh4 Qb6 9. a3 Be7 10. Bf2 Qc7 11. Qf3 b5 12. Bd3 Bb7 13. O-O-O Nc6 14. Rhe1 Rc8 15. Nxc6 Bxc6 16. Bd4 Qb7 17. Qe2 Ra8 18. e5 dxe5 19. Bxe5 Bxg2 20. Bxf6 gxf6 21. Ne4 Bh3 22. Qh5 Bf5 23. Qxf5 Qb8 24. Nxf6+ Kf8 1-0

[Event "Silver Lake Open-A 2018"]
[Site "Veliko Gradiste"]
[Date "2018.06.21"]
[Round "6"]
[White "Sevgi, Volkan"]
[Black "Filev, Georgi"]
[Result "1-0"]
[ECO "A05"]
[WhiteElo "2266"]
[BlackElo "2390"]
[Annotator "ChessBase"]
[PlyCount "127"]
[EventDate "2018.06.21"]
[EventType "swiss"]
[EventCountry "SRB"]
[SourceTitle "playchess.com"]
[Source "ChessBase"]
[SourceQuality "1"]
[TimeControl "40/5400+30:900+30"]

1. Nf3 Nf6 2. g3 g6 3. b3 Bg7 4. Bb2 O-O 5. Bg2 d6 6. d4 Nbd7 7. O-O c6 8. Nbd2 Qc7 9. c4 e5 10. e4 exd4 11. Bxd4 Re8 12. Qc2 b6 13. Rfe1 Bb7 14. Rad1 Rad8 15. h3 Ne5 16. Nh2 Qe7 17. f4 Ned7 18. Qb2 Qf8 19. g4 h6 20. Nhf1 Nh7 21. Ng3 Nc5 22. Nf3 Ne6 23. Bxg7 Qxg7 24. Qc1 Qf6 25. f5 Neg5 26. Nxg5 hxg5 27. Rd3 Qe5 28. Red1 c5 29. Qd2 Kg7 30. Rxd6 Rxd6 31. Qxd6 Nf6 32. Qxe5 Rxe5 33. fxg6 fxg6 34. Kf2 Kf7 35. Ke3 Ke7 36. Bf3 a6 37. Rh1 b5 38. h4 gxh4 39. Rxh4 bxc4 40. bxc4 g5 41. Rh8 Bc6 42. Rb8 a5 43. Rb6 Kd7 44. Ra6 a4 45. Ra7+ Kd8 46. Rf7 Re6 47. Rg7 Re5 48. Rg6 Ke7 49. Nf5+ Ke6 50. a3 Ba8 51. Bh1 Bc6 52. Bg2 Ba8 53. Bf3 Bc6 54. Rxg5 Nxe4 55. Ng7+ Kf6 56. Rxe5 Kxe5 57. Bxe4 Bxe4 58. Ne6 Bg2 59. Nxc5 Bf1 60. Nd3+ Kd6 61. Kd4 Bh3 62. g5 Bf5 63. c5+ Ke6 64. Nf4+ 1-0

[Event "Silver Lake Open-A 2018"]
[Site "Veliko Gradiste"]
[Date "2018.06.21"]
[Round "6"]
[White "Dahl, Trygve"]
[Black "Rajkovic, Mladen"]
[Result "0-1"]
[ECO "C44"]
[WhiteElo "2206"]
[BlackElo "2354"]
[Annotator "NA"]
[PlyCount "74"]
[EventDate "2018.06.21"]
[EventType "swiss"]
[EventCountry "SRB"]
[SourceTitle "playchess.com"]
[Source "ChessBase"]
[SourceQuality "1"]
[TimeControl "40/5400+30:900+30"]

1. e4 e5 2. Nf3 Nc6 3. c3 d5 4. Qa4 f6 5. d3 Be6 6. Be2 Qd7 7. O-O g5 8. Nbd2 Nge7 9. d4 g4 10. Ne1 exd4 11. cxd4 Nc8 12. exd5 Bxd5 13. Nd3 Nb6 14. Qd1 h5 15. Nc5 Qf7 16. Nxb7 Nxd4 17. Re1 Be7 18. Na5 O-O-O 19. Nab3 Nxe2+ 20. Qxe2 Rhe8 21. Qb5 Bd6 22. Rxe8 Rxe8 23. Nf1 Re1 24. Be3 Rxa1 25. Nxa1 Bxa2 26. Nd2 Bd5 27. Nc2 Qd7 28. Nd4 Be5 29. Nb1 Qxb5 30. Nxb5 a6 31. N5c3 Be6 32. Nd2 Nd5 33. Nxd5 Bxd5 34. b3 Kb7 35. g3 Kc6 36. Kf1 Kb5 37. Ke2 Kb4 0-1